 Dungeon Crawl Stone Soup version 0.31-a0-210-gccc998df9b (webtiles) character file.

Game seed: 9536763133905698208

121 kae the Insei (level 4, -1/32 HPs)
             Began as a Demonspawn Transmuter on June 29, 2023.
             Slain by a gnoll
             ... wielding a +0 spear
              (4 damage)
             ... on level 3 of the Dungeon.
             The game lasted 00:03:39 (2198 turns).

kae the Insei (Demonspawn Transmuter)               Turns: 2198, Time: 00:03:39

Health: -1/32      AC:  2    Str: 11    XL:     4   Next: 77%
Magic:  5/8        EV: 19    Int: 16    God:
Gold:   136        SH:  0    Dex: 18    Spells: 2/8 levels left

rFire   . .          .
                       - Unarmed
rCold   + . .        (shield currently unavailable)
rNeg    . . .        a - melded +0 robe
rPois   x            (helmet currently unavailable)
rElec   .            (cloak currently unavailable)
rCorr   .            f - melded +1 Delatra's gloves {ID++}
SInv    .            (boots currently unavailable)
Will    .....        (no amulet)
Stlth   ++           C - ring of protection from cold
HPRegen 0.25/turn    (no ring)
MPRegen 0.11/turn

%: no passive effects
@: lethally poisoned (-1 -> -2), spider-form (expiring), wereblooded
A: venomous fangs, tiny, powered by pain 1, (demonic touch 1)
a: End Transformation


You were on level 3 of the Dungeon.
You were a venomous arachnid creature.
You visited 1 branch of the dungeon, and saw 3 of its levels.

You collected 136 gold pieces.


Innate Abilities, Weirdness & Mutations

You are a venomous arachnid creature.
You have venomous fangs.
You are tiny and dextrous.
Your spellcasting is less reliable in this form.
Your armour is entirely melded.
You are incapable of wielding weapons or throwing items.
You sometimes gain a little power by taking damage.
((Your touch may inflict minor irresistible damage on your foes.))


   Skills:
 - Level 1.0 Fighting
 - Level 1.7 Dodging
 + Level 3.2 Unarmed Combat
 + Level 2.7 Spellcasting
 * Level 3.2 Transmutations
 * Level 1.8 Poison Magic


You had 2 spell levels left.
You knew the following spells:

 Your Spells              Type           Power      Damage    Failure   Level
a - Beastly Appendage     Tmut           24%        N/A       16%         1
b - Wereblood             Tmut           12%        N/A       21%         2
c - Spider Form           Tmut/Pois      10%        N/A       41%         3

Your spell library contained the following spells:

 Spells                   Type           Power      Damage    Failure   Level
 Magic Dart               Conj           8%         1d3       38%         1
 Call Imp                 Summ           4%         N/A       50%         2
 Mephitic Cloud           Conj/Pois/Air  4%         N/A       63%         3
 Ice Form                 Ice/Tmut       7%         N/A       86%         4

Inventory:

Missiles
 e - 4 stones
 h - 11 poisoned darts
Armour
 a - a +0 robe (melded)
 f - the +1 Delatra's gloves (melded) {ID++}
   (You found it on level 2 of the Dungeon)

   ID++:      It heals its wearer when they drink unknown potions, and restores
   their MP when they read unknown scrolls.
Jewellery
 C - a ring of protection from cold (left front pincers)
   (You found it on level 1 of the Dungeon)
Scrolls
 g - a scroll of teleportation {unknown}
Potions
 b - 2 potions of lignification {!q}
 c - a potion of berserk rage {!q}
 d - a potion of resistance
 i - a potion of curing {unknown}

Dungeon Overview and Level Annotations

Branches:
Dungeon (3/15) Zot: 15814

Altars:

Shops:
D:1 ::?:

.... ..# ..gg. #.#
....g#####.####### #####
........).....(... .....
........##.####### ####
#######..#.# ##.#g# #
#######S..##############
.......s............)...
########.###.......)####
..........'........###.
########.##........##..
#.##........#...
#..#....†.......
##.#.........#..
#.'......[.##..
###........##..


You could see a gnoll and a ball python.


Message History

Unknown command.
You feel yourself slow down.
Your primal bloodlust is almost over.
You recover from your berserk rage.
You howl as the wereblood boils in your veins!
Your primal bloodlust has ended.
You feel a little less agile now.
Key pressed, stopping explore.
g - a scroll labelled KYOSICUDAIT 😎 HP[+17] MP[+4]
Your hp is fully restored (32).
Your mp is fully restored (8).
You now have 130 gold pieces (gained 15).
Key pressed, stopping explore.
Unknown command.
You now have 136 gold pieces (gained 6).
You open the door.
There is an open door here.
There is a stone staircase leading up here.
A jackal and a gnoll come into view.
The gnoll shouts!
The jackal barks!
A jackal comes into view.
A kobold comes into view.
It is wielding a +0 club and quivering poisoned darts.
The jackal barks!
There are monsters nearby!
There are monsters nearby!
There are monsters nearby!
You hear a shout! x2
Casting: Wereblood (safe; 8% risk of failure)
Confirm with . or Enter, or press ? or * to list all spells.
The spell is quite dangerous to miscast (21% risk of failure)!
Continue anyway? [Y]es or [N]o only, please.
The spell is quite dangerous to miscast (21% risk of failure)!
Continue anyway?
You turn into a venomous arachnid creature.
The +1 Delatra's gloves {ID++} melds into your body.
Your +0 robe melds into your body. 😎 MP[-3]
You lost 3 mp, and now have 5/8 mp.
Casting: Spider Form (extremely dangerous; 41% risk of failure)
Confirm with . or Enter, or press ? or * to list all spells.
Your blood is infused with primal strength. 😎 MP[-2]
You lost 2 mp, and now have 3/8 mp.
You hit the jackal.
The jackal is poisoned.
You hit the jackal but do no damage. The gnoll misses you.
The jackal barely misses you.
You hit the jackal. The jackal barely misses you.
The gnoll hits you from afar with a +0 spear.
You bite the jackal!
You feel a bit better.
You kill the jackal!
The gnoll hits you from afar with a +0 spear.
The jackal bites you. 😮 HP[-10]
You take 10 damage, and now have 22/32 hp.
MASSIVE DAMAGE!! (PAUSE)
You hit the jackal.
You feel a bit better.
You kill the jackal!
The kobold throws a poisoned dart.
The poisoned dart hits you!
You are poisoned.
You feel very sick. The kobold barely misses you.
The gnoll hits you from afar with a +0 spear. 😮 HP[-4] MP[+1]
You take 4 damage, and now have 18/32 hp.
You hit the kobold.
You feel sick. The kobold hits you with a +0 club.
* * * LOW HITPOINT WARNING * * *
The gnoll hits you from afar with a +0 spear.
* * * LOW HITPOINT WARNING * * *
A ball python comes into view. 😱 HP[-10]
You take 10 damage, and now have 8/32 hp.
MASSIVE DAMAGE!! (PAUSE)
The ball python hisses angrily.
You bite the kobold!
You feel a bit better.
You kill the kobold!
Your transformation is almost over.
You feel sick.
You hear a shout!
The gnoll misses you. 😨 HP[+1]
You feel sick.
You hear a shout! 😱 HP[-2]
You take 2 damage, and now have 7/32 hp.
You feel sick. 😱 HP[-1]
You take 1 damage, and now have 6/32 hp.
You feel sick. 2 gnolls come into view.
You feel sick.
The gnoll shouts!
A gnoll comes into view. It is wielding a +0 club. 😱 HP[-1]
You take 1 damage, and now have 5/32 hp.
You feel sick.
There is a stone staircase leading up here. 😱 HP[-1]
You take 1 damage, and now have 4/32 hp.
You feel sick.
The gnoll hits you from afar with a +0 spear.
You die...

Skill      XL: |  1  2  3  4 |
---------------+-------------+-----
Transmutations | 2 3 |  3.2
Unarmed Combat | 3 |  3.2
Poison Magic   | 1 |  1.8
Fighting       | |  1.0
Dodging        | |  1.7
Spellcasting   | |  2.7

Action                     |  1- 3 |  4- 6 || total
---------------------------+-------+-------++-------
  Melee: Unarmed           |   106 |    34 ||   140
         Kick              |    21 |     2 ||    23
         Punch             |     2 |       ||     2
         Touch             |     9 |     4 ||    13
         Headbutt          |     8 |     1 ||     9
   Cast: Beastly Appendage |    35 |     3 ||    38
         Spider Form       |     2 |     2 ||     4
         Wereblood         |       |     2 ||     2
    Use: Scroll            |     3 |     1 ||     4
         Potion            |       |     3 ||     3
 Armour: Robe              |    19 |     7 ||    26
         Skin              |     1 |       ||     1
  Dodge: Dodged            |    53 |    34 ||    87

Levels and vault maps discovered:
D:1:      minmay_arrival_jagged, layout_basic, serial_shops, shop,
          nicolae_shop_hallway_plus, nicolae_shop_gibbet_a_chance,
          nicolae_shop_trees, amcnicky_mini_corridor_feature
D:2:      layout_loops_ring
D:3:      layout_basic

Notes
Turn   | Place    | Note
-------+----------+-------------------------------------------
     0 | D:1      | kae the Demonspawn Transmuter began the quest for the Orb.
     0 | D:1      | Reached XP level 1. HP: 15/15 MP: 3/3
     0 | D:1      | magus.rc [v1.11.3]
    50 | D:1      | Reached skill level 2 in Transmutations
   157 | D:1      | Found Uxounir's Magic Scroll Shop.
   193 | D:1      | Gained mutation: Your touch may inflict minor irresistible
                  | damage on your foes. [demonic ancestry]
   193 | D:1      | Reached XP level 2. HP: 21/21 MP: 3/5
   208 | D:1      | Found Uniuxtow's Book Shop.
   216 | D:1      | Learned a level 2 spell: Wereblood
   222 | D:1      | Found Fuakk's Book Emporium.
   261 | D:1      | Found Tatz's Book Emporium.
   330 | D:1      | You pick up a book of Minor Magic and begin reading...
   330 | D:1      | You add the spells Magic Dart, Call Imp and Mephitic Cloud
                  | to your library.
   628 | D:1      | Reached skill level 3 in Unarmed Combat
   935 | D:1      | Gained mutation: You sometimes gain a little power by
                  | taking damage. [demonic ancestry]
   935 | D:1      | Reached XP level 3. HP: 20/26 MP: 4/6
   939 | D:1      | Learned a level 3 spell: Spider Form
  1447 | D:2      | Found the +1 Delatra's gloves {ID++}
  1502 | D:2      | Reached skill level 1 in Poison Magic
  1730 | D:2      | Reached XP level 4. HP: 32/32 MP: 5/7
  2009 | D:3      | Reached skill level 3 in Transmutations
  2039 | D:3      | HP: 8/32 [orc priest/divine providence (15)]
  2039 | D:3      | HP: 2/32 [orc/+0 trident (6)]
  2191 | D:3      | HP: 8/32 [gnoll/+0 spear (6)]
  2196 | D:3      | HP: 5/32 [poisoned by a kobold]
  2198 | D:3      | Slain by a gnoll

Vanquished Creatures
  An orc priest (D:3)
  An adder (D:3)
  A gnoll (D:1)
  A worm (D:2)
  3 dart slugs (D:2)
  3 orcs (D:3)
  5 ball pythons
  5 endoplasms
  2 giant cockroaches
  5 goblins
  8 hobgoblins
  6 jackals
  A quokka (D:1)
  4 bats
  2 frilled lizards
  3 kobolds
  6 rats
57 creatures vanquished.

Table legend:
 A = Non-vault XP
 B = Vault XP
 C = Vault XP percentage of total XP
 D = Non-vault monster count
 E = Vault monster count
 F = Vault count percentage of total count
                 A         B        C        D         E       F
            +---------+---------+-------+---------+---------+-------
      Total |     174 |       0 |   0.0 |      57 |       0 |   0.0
            +---------+---------+-------+---------+---------+-------
        D:1 |      57 |       0 |   0.0 |      26 |       0 |   0.0
        D:2 |      42 |       0 |   0.0 |      20 |       0 |   0.0
        D:3 |      75 |       0 |   0.0 |      11 |       0 |   0.0
            +---------+---------+-------+---------+---------+-------

Skill      XL: |  1  2  3  4 |
---------------+-------------+-----
Transmutations | 2 3 |  3.2
Unarmed Combat | 3 |  3.2
Poison Magic   | 1 |  1.8
Fighting       | |  1.0
Dodging        | |  1.7
Spellcasting   | |  2.7

Action                     |  1- 3 |  4- 6 || total
---------------------------+-------+-------++-------
  Melee: Unarmed           |   106 |    34 ||   140
         Kick              |    21 |     2 ||    23
         Punch             |     2 |       ||     2
         Touch             |     9 |     4 ||    13
         Headbutt          |     8 |     1 ||     9
   Cast: Beastly Appendage |    35 |     3 ||    38
         Spider Form       |     2 |     2 ||     4
         Wereblood         |       |     2 ||     2
    Use: Scroll            |     3 |     1 ||     4
         Potion            |       |     3 ||     3
 Armour: Robe              |    19 |     7 ||    26
         Skin              |     1 |       ||     1
  Dodge: Dodged            |    53 |    34 ||    87

Illustrated notes

Table legend:
 A = Kills in this place as a percentage of kills in the entire game.
 B = Kills by you in this place as a percentage of kills by you in the entire game.
 C = Kills by friends in this place as a percentage of kills by friends in the entire game.
 D = Other kills in this place as a percentage of other kills in the entire game.
 E = Experience gained in this place as a percentage of experience gained in the entire game.
 F = Experience gained in this place divided by the number of levels of this place that you have seen.
                   A       B       C       D       E      F
               +-------+-------+-------+-------+-------+----------------------
         Total | 100.0 | 100.0 |   N/A |   N/A | 100.0 |  58.0
       Dungeon | 100.0 | 100.0 |   N/A |   N/A | 100.0 |  58.0
               +-------+-------+-------+-------+-------+----------------------

Table legend: (Time is in decaauts)
 A = Elapsed time spent in this place.
 B = Non-inter-level travel time spent in this place.
 C = Inter-level travel time spent in this place.
 D = Time resting spent in this place.
 E = Time spent auto-exploring this place.
 F = Levels seen in this place.
 G = Mean time per level.
                   A        B        C        D        E       F      G
               +--------+--------+--------+--------+--------+-----+--------+
         Total |   2184 |   2141 |     43 |      8 |   1701 |   3 |  728.0 |
       Dungeon |   2184 |   2141 |     43 |      8 |   1701 |   3 |  728.0 |
               +--------+--------+--------+--------+--------+-----+--------+

Top non-repeatable levels by time:
     D:1: 1189 daAuts
     D:2: 768 daAuts
     D:3: 227 daAuts
